 Dungeon Crawl Stone Soup version 0.27-a0-1217-g8a41f320e8 (webtiles) character file.

Game seed: 17048464995126109664

151 Froggeryz the Chiller (level 4, -4/49 HPs)
             Began as a Demigod Ice Elementalist on June 6, 2021.
             Slain by an orc warrior
             ... wielding a +0 glaive
              (5 damage)
             ... on level 3 of the Dungeon.
             The game lasted 00:03:13 (3029 turns).

Froggeryz the Chiller (Demigod Ice Elementalist)    Turns: 3029, Time: 00:03:14

Health: -4/49      AC: 22    Str:  9    XL:     4   Next: 85%
Magic:  6/11       EV:  2    Int: 21    God:
Gold:   56         SH:  0    Dex: 20    Spells: 4/8 levels left

rFire    . . .     SeeInvis .   d - +1 spear (venom)
rCold    . . .     Faith    .   (no shield)
rNeg     + + +     Spirit   .   (armour currently unavailable)
rPois    +         Reflect  .   (helmet currently unavailable)
rElec    .         Harm     .   (cloak currently unavailable)
rCorr    .         Rampage  .   (gloves currently unavailable)
Will     .....     NoTele   +   (boots currently unavailable)
Stlth    ++........             (no amulet)
HPRegen  0.16/turn              c - +6 ring of dexterity
MPRegen  0.12/turn              (no ring)

@: tree-form, weak-willed, freezing walls
A: stationary, stasis, torment immunity, boosted hp, high mp 1, forlorn
a: no special abilities


You were on level 3 of the Dungeon.
You were a tree.
You visited 1 branch of the dungeon, and saw 3 of its levels.

You collected 56 gold pieces.

Inventory:

Hand Weapons
 b - a +0 dagger of freezing
 d - a +1 spear of venom (weapon)
Armour
 a - a +0 robe (melded)
 h - a +0 pair of gloves (melded)
 n - a +2 helmet (melded)
Jewellery
 c - a +6 ring of dexterity (left branch)
Scrolls
 e - a scroll of torment {unknown}
 f - a scroll of amnesia {unknown}
 i - a scroll of teleportation
 j - a scroll of blinking {unknown}
 k - a scroll of fog {unknown}


   Skills:
 - Level 1.7 Dodging
 - Level 1.7 Stealth
 + Level 2.8 Spellcasting
 * Level 5.2 Ice Magic


You had 4 spell levels left.
You knew the following spells:

 Your Spells              Type           Power      Damage    Failure   Level
a - Freeze                Ice            100%       1d11      1%          1
b - Frozen Ramparts       Ice            50%        1d7       4%          3

Your spell library contained the following spells:

 Spells                   Type           Power      Damage    Failure   Level
 Ozocubu's Armour         Ice            25%        N/A       4%          3
 Beastly Appendage        Tmut           6%         N/A       14%         1
 Magic Dart               Conj           12%        1d3       14%         1
 Blink                    Tloc           N/A        N/A       21%         2
 Call Imp                 Summ           3%         N/A       21%         2
 Slow                     Hex            3%         N/A       21%         2
 Wereblood                Tmut           3%         N/A       21%         2
 Conjure Flame            Conj/Fire      3%         6-21      38%         3
 Mephitic Cloud           Conj/Pois/Air  3%         N/A       38%         3
 Spider Form              Tmut/Pois      1%         N/A       38%         3
 Hailstorm                Conj/Ice       14%        3d5       41%         4
 Ice Form                 Ice/Tmut       14%        N/A       41%         4
 Metabolic Englaciation   Hex/Ice        7%         N/A       77%         5
 Hydra Form               Tmut           1%         N/A       98%         5


Dungeon Overview and Level Annotations

Branches:
Dungeon (3/15)


Innate Abilities, Weirdness & Mutations

You are a tree.
Your roots penetrate the ground, keeping you stationary.
You cannot be teleported.
You are immune to unholy pain and torment.
Your maximum health is greatly increased.
Your equipment is partially melded.
Your attributes grow dramatically as you level up.
You have an increased reservoir of magic. (+10% MP)
You shall have no god before yourself.


Message History

The wall freezes the orc warrior.
The wall freezes the orc wizard.
The orc wizard casts a spell at you. You resist with some effort.
The wall freezes the orc warrior.
The orc warrior hits you from afar with a +0 glaive!!
Ouch! That really hurt!
It was a potion of cancellation.
Your magical effects are unravelling.
You feel magically purged.
The frozen ramparts melt away.
You feel less confused. The orc wizard barely misses you.
The orc warrior hits you from afar with a +0 glaive.
* * * LOW HITPOINT WARNING * * *
A goblin comes into view. It is wielding a +0 club.
The goblin shouts!
The orc wizard points at you and mumbles some strange words.
The puff of flame hits you!
* * * LOW HITPOINT WARNING * * *
It was a potion of lignification.
You turn into a tree.
Your +2 helmet melds into your body.
Your +0 pair of gloves melds into your body.
Your +0 robe melds into your body.
Your roots penetrate the ground.
Casting: Frozen Ramparts (dangerous; 4% risk of failure)
Confirm with . or Enter, or press ? or * to list all spells.
Casting: Frozen Ramparts (dangerous; 4% risk of failure)
Press: ? - help, Dir - look around, f - activate The walls around you are covered in ice.
The wall freezes the orc wizard.
You aren't carrying any potions.
As you read the scroll labelled ASOYFE YGHOLE, it crumbles to dust.
You feel a strange sense of stasis.
It was a scroll of teleportation.
The wall freezes the orc warrior.
The orc warrior hits you from afar with a +0 glaive.
* * * LOW HITPOINT WARNING * * *
The wall freezes the orc wizard.
As you read the scroll labelled VOZOJE OGAIH, it crumbles to dust.
Magic quickly surges around you.
It was a scroll of vulnerability.
The wall freezes the orc warrior.
The orc warrior hits you from afar with a +0 glaive.
You die...

#...# #.....# ####.####
###.### #.......# #.#
#.##.##.# #.# #.##.##.###
#.#### #.##......####....###
#.####.......#..>)...
#.####..#.##.#.......
#oo.♣...#.##.#..#.##.
#g####.##.<.......##.
########.####.#####.#.#####.
..ooo..og......####.#.......
########.##.#.......#.######
#.##.#..#####...# #
........# #...# # ##.##.##.#
#...# #
......##.#####...#####


You could see an orc warrior (weak-willed), an orc wizard (weak-willed) and a
goblin (weak-willed).

Vanquished Creatures
  Robin (D:2)
  4 gnolls (D:2)
  2 adders
  A worm (D:2)
  2 dart slugs (D:2)
  An orc (D:3)
  4 bats
  2 endoplasms
  6 giant cockroaches
  16 goblins
  9 hobgoblins
  3 jackals (D:2)
  3 quokkas
  3 ball pythons (D:1)
  3 frilled lizards
  3 kobolds
  6 rats
69 creatures vanquished.

Notes
Turn   | Place    | Note
-------+----------+-------------------------------------------
     0 | D:1      | Froggeryz the Demigod Ice Elementalist began the quest for
                  | the Orb.
     0 | D:1      | Reached XP level 1. HP: 14/14 MP: 5/5
   173 | D:1      | Reached skill level 4 in Ice Magic
   173 | D:1      | Reached XP level 2. HP: 12/20 MP: 1/7
  1171 | D:2      | Reached XP level 3. HP: 26/26 MP: 9/9
  1764 | D:2      | Reached XP level 4. HP: 33/33 MP: 10/10
  2151 | D:2      | Noticed Robin
  2180 | D:2      | Reached skill level 5 in Ice Magic
  2240 | D:2      | Killed Robin
  2572 | D:2      | Learned a level 3 spell: Frozen Ramparts
  3015 | D:3      | Noticed an orc warrior
  3028 | D:3      | HP: 1/49 [orc warrior/+0 glaive (3)]
  3029 | D:3      | Slain by an orc warrior

Illustrated notes

Levels and vault maps discovered:
D:1:      dpeg_arrival_tiny_a, layout_basic,
          hellmonk_ecumenical_altar_heavens_door, st_stairs_8
D:2:      layout_loops_ring, basic_altar, uniq_robin
D:3:      layout_loops_cross

Skill      XL: |  1  2  3  4 |
---------------+-------------+-----
Spellcasting   | 2 |  2.8
Ice Magic      | 4 5 |  5.2
Dodging        | |  1.7
Stealth        | |  1.7

Action                   |  1- 3 |  4- 6 || total
-------------------------+-------+-------++-------
Melee: Dagger            |    18 |       ||    18
       Unarmed           |     2 |       ||     2
       Spear             |    70 |    82 ||   152
 Cast: Freeze            |    12 |     3 ||    15
       Frozen Ramparts   |       |     2 ||     2
  Use: Scroll            |       |     2 ||     2
       Potion            |       |     2 ||     2
 Stab: Sleeping          |    10 |     9 ||    19
Armor: Robe              |    20 |    19 ||    39
Dodge: Dodged            |    51 |    37 ||    88

Table legend: (Time is in decaauts)
 A = Elapsed time spent in this place.
 B = Non-inter-level travel time spent in this place.
 C = Inter-level travel time spent in this place.
 D = Time resting spent in this place.
 E = Time spent auto-exploring this place.
 F = Levels seen in this place.
 G = Mean time per level.
                   A        B        C        D        E       F      G
               +--------+--------+--------+--------+--------+-----+--------+
         Total |   3043 |   2919 |    124 |    433 |   1945 |   3 | 1014.3 |
       Dungeon |   3043 |   2919 |    124 |    433 |   1945 |   3 | 1014.3 |
               +--------+--------+--------+--------+--------+-----+--------+

Top non-repeatable levels by time:
     D:2: 1526 daAuts
     D:1: 1106 daAuts
     D:3: 410 daAuts
